AoeStats
← Kenchard

Oasis

508589543Analyzed
2v2 RM · 10d ago on Sep 23, 2026· 38m 35s· 4 players
Game mode
Random Map
Map size
Medium (4 player)
Population
200
Speed
Normal
Resources
Standard
Victory
Conquest
Starting age
Dark Age
Ending age
Imperial Age
RankedLock teamsTeams togetherTeam positionsShared explorationLock speedFull tech treeHidden civsTurbo modeCheats
Victory
Defeat
🇲🇽 Varangians · Mexico
1135
+14
🇲🇽 Shu · Mexico
1134
+14
🇨🇱 Mongols · Chile
1147
-16
🇨🇱 Burmese · Chile
1046
-12
Kenchard
9:27 Loom
11:12 Feudal Age
13:58 Horse Collar
14:16 Double-Bit Axe
19:28 Castle Age
18:11 Stone Mining
19:33 Gold Mining
21:31 Fletching
23:51 Stone Shaft Mining
33:31 Murder Holes
34:42 Bodkin Arrow
Thomas
11:04 Feudal Age
18:29 Castle Age
18:01 Horse Collar
20:08 Husbandry
21:50 Forging
24:31 Scale Barding Armor
34:51 Bloodlines
37:35 Iron Casting
El_Frijoler0
2:56 Loom
11:15 Feudal Age
15:20 Castle Age
13:54 Double-Bit Axe
23:26 Town Watch
27:07 Wheelbarrow
28:38 Fortified Wall
28:39 Masonry
35:32 Imperial Age
34:09 Fletching
34:20 Padded Archer Armor
34:29 Scale Barding Armor
34:39 Husbandry
39:18 Chemistry
39:18 Bow Saw
Zama
5:21 Loom
11:03 Feudal Age
14:28 Double-Bit Axe
19:59 Castle Age
18:28 Horse Collar
19:00 Bloodlines
19:17 Scale Barding Armor
19:33 Gold Mining
23:08 Forging
23:50 Chain Barding Armor
25:07 Heavy Plow
25:18 Bow Saw
27:23 Forging
34:26 Vendel Legacy
36:14 Iron Casting
35:42 Husbandry
Connection lost

Rejoining the realm…

Still unreachable

The connection could not be restored.

Session expired

The server has moved on; the page needs a fresh start.